 Dungeon Crawl Stone Soup version 0.30-a0-919-g9323dee000 (webtiles) character file.

Game seed: 11032879806719334561

2663 Aequonox the Geomancer (level 9, -4/51 HPs)
             Began as a Gargoyle Earth Elementalist on Mar 21, 2023.
             Was a Believer of Sif Muna.
             Shot with a sling bullet by Joseph (10 damage)
             ... on level 7 of the Dungeon.
             The game lasted 00:17:48 (7563 turns).

Aequonox the Geomancer (GrEE)                       Turns: 7563, Time: 00:17:50

Health: -4/51      AC: 17    Str: 17    XL:     9   Next: 63%
Magic:  17/18      EV: 12    Int: 25    God:    Sif Muna [**....]
Gold:   438        SH:  0    Dex: 10    Spells: 13/21 levels left

rFire   + . .      SeeInvis .    p - staff of conjuration
rCold   . . .      Faith    .    (no shield)
rNeg    + . .      Spirit   .    A - +0 steam dragon scales
rPois   ∞          Reflect  .    (no helmet)
rElec   +          Rampage  .    y - +1 cloak
rCorr   .                        m - +2 pair of gloves "Mogigy" {Str+4}
Will    .....                    (no boots)
Stlth   ++                       B - amulet of the acrobat
HPRegen 0.28/turn                v - ring of protection from fire
MPRegen 0.16/turn                E - +6 ring of intelligence

@: no status effects
A: sickness immunity, AC +6, negative energy resistance 1, electricity
resistance, torment resistance 1, petrification resistance
a: Renounce Religion, Channel Magic


You were on level 7 of the Dungeon.
You worshipped Sif Muna.
Sif Muna was pleased with you.
You visited 1 branch of the dungeon, and saw 8 of its levels.

You collected 438 gold pieces.

Inventory:

Hand Weapons
 f - a +4 falchion of freezing
 w - a +2 dagger of venom
Missiles
 z - a throwing net
Armour
 a - a +0 robe of cold resistance
 m - the +2 pair of gloves "Mogigy" (worn) {Str+4}
   (You found it on level 5 of the Dungeon)

   Str:       It affects your strength (+4).
 y - a +1 cloak (worn)
 A - +0 steam dragon scales (worn)
Magical Staves
 p - a staff of conjuration (weapon)
Jewellery
 v - a ring of protection from fire (left hand)
 B - an amulet of the acrobat (around neck)
 E - a +6 ring of intelligence (right hand)
Wands
 C - a wand of mindburst (5)
Scrolls
 c - 4 scrolls of teleportation
 d - a scroll of magic mapping {unknown}
 e - a scroll of fog {unknown}
 j - a scroll of identify
 l - a scroll of blinking {unknown}
 r - 2 scrolls of immolation {unknown}
 t - 3 scrolls of vulnerability
 u - 3 scrolls of fear {unknown}
 x - a scroll of poison {unknown}
 F - a scroll of enchant weapon {unknown}
Potions
 b - 2 potions of magic
 g - a potion of experience {unknown}
 h - 2 potions of lignification {unknown}
 i - 2 potions of degeneration {unknown}
 k - a potion of brilliance {unknown}
 n - 4 potions of curing
 o - 4 potions of heal wounds
 q - 4 potions of flight {unknown}
 s - a potion of attraction {unknown}
 D - a potion of invisibility {unknown}


   Skills:
 - Level 3.3 Fighting
 - Level 1.8 Staves
 - Level 3.1 Armour
 - Level 3.2 Dodging
 - Level 2.6 Stealth
 * Level 6.5 Spellcasting
 + Level 5.9 Conjurations
 - Level 1.2 Transmutations
 * Level 8.9 Earth Magic


You had 13 spell levels left.
You knew the following spells:

 Your Spells              Type           Power      Damage    Failure   Level
a - Sandblast             Erth           100%       2d20      1%          1
b - Passwall              Tmut/Erth      27%        N/A       1%          2
c - Lee's Rapid Deconstr  Erth           26%        3d14*     4%          5

Your spell library contained the following spells:

 Spells                   Type           Power      Damage    Failure   Level
 Magic Dart               Conj           100%       1d8       1%          1
 Stone Arrow              Conj/Erth      100%       3d13      1%          3
 Shock                    Conj/Air       100%       1d9       2%          1
 Sting                    Tmut/Pois      44%        1d5       5%          1
 Slow                     Hex            32%        N/A       7%          1
 Petrify                  Tmut/Erth      33%        N/A       9%          4
 Mephitic Cloud           Conj/Pois/Air  26%        N/A       10%         3
 Call Imp                 Summ           8%         N/A       11%         2
 Leda's Liquefaction      Hex/Erth       15%        N/A       11%         4
 Kindle Blastsparks       Fire/Tloc/Air  16%        2d11      22%         3
 Fulminant Prism          Conj/Hex       17%        3d10      22%         4
 Iskenderun's Mystic Bla  Conj/Tloc      34%        2d8       22%         4
 Borgnjor's Revivificati  Necr           4%         N/A       100%        8
 Necromutation            Tmut/Necr      5%         N/A       100%        8
 Death's Door             Necr           4%         N/A       100%        9
 Statue Form              Tmut/Erth      Unusable   N/A       N/A         6

Dungeon Overview and Level Annotations

Branches:
Dungeon (8/15)
 Temple: D:4-7         Lair: D:8-11

Altars:
Cheibriados
Dithmenos
Nemelex Xobeh
Sif Muna
Uskayaw
Xom

Shops:
D:4 [

Annotations:
D:7 Joseph


Innate Abilities, Weirdness & Mutations

You are immune to sickness and miasma.
Your stone body is resilient. (AC +6)
You are immune to poison.
You resist negative energy. (rN+)
You are resistant to electric shocks. (rElec)
You are resistant to unholy torment.
You are immune to petrification.


Message History

Found a falchion.
Found 3 gold pieces. 2 orcs come into view.
The orc shouts!
You hear a shout! x3
The orc shouts!
The blast of sand hits the orc!
You kill the orc!
Sif Muna accepts your kill.
An orc comes into view. It is wielding a +0 flail.
The blast of sand hits the orc but does no damage.
An orc warrior comes into view. It is wielding a +4 glaive.
The blast of sand hits the orc.
The orc is heavily wounded.
The orc hits you but does no damage.
An orc priest comes into view. It is wielding a +0 flail.
The orc completely misses you.
The blast of sand hits the orc!
You kill the orc!
Sif Muna accepts your kill.
The orc priest shouts!
The blast of sand hits the orc warrior.
The orc warrior is lightly wounded.
The orc priest calls upon Beogh to heal the orc warrior.
The orc warrior's wounds heal themselves!
There is a stone staircase leading down here.
The orc warrior hits you from afar with a +4 glaive!
The orc priest mumbles some strange prayers to Beogh against you.
Beogh smites you!
The orc priest invokes the aid of Beogh against you.
Beogh smites you!
* * * LOW HITPOINT WARNING * * *
There is a stone staircase leading up here.
The orc warrior hits you from afar with a +4 glaive.
* * * LOW HITPOINT WARNING * * *
You climb upwards.
Level annotation: Joseph Joseph shoots a sling bullet.
The sling bullet hits you.
* * * LOW HITPOINT WARNING * * *
Joseph shoots a sling bullet.
The sling bullet hits you!
You die...

#.# #......# ##...###.# ####.#
#####.## ##.## #.# ..##.# #.#
#.####.# #.##.#### #.# #......#
#.......# #.# ##'###### #.##.##.#
#.# ##...## #.##.##.# ##.#
##.....## ^..#.##.# ##..#
##.......##
#....##.#######.@.####.........##
#....................'........)'.
#...###.#######...####.........##
#...###.# ##..# ##.......###
........# ##.# ##.....## #
####.#### #.# ##...## # #.# #@#
##'## # #.# #.# ##.###### ## #.#
#.# #.....^..


You could see Joseph.

Vanquished Creatures
  A wyvern (D:7)
  4 steam dragons (D:6)
  Menkaure (D:6)
  A water moccasin (D:6)
  2 ice beasts
  A sky beast (D:3)
  A black bear (D:4)
  2 centaurs
  2 phantoms
  A scorpion (D:5)
  4 wights (D:7)
  2 howler monkeys (D:6)
  A hound (D:5)
  A jelly (D:6)
  An orc priest (D:5)
  3 gnoll boudas
  Jessica (D:2)
  Natasha (thrice) (D:4)
  3 orc wizards
  18 gnolls
  9 adders
  2 shadow imps (D:4)
  2 white imps
  2 ufetubi
  5 worms
  A dart slug (D:1)
  17 orcs
  6 endoplasms
  2 giant cockroaches
  10 goblins
  9 hobgoblins
  2 jackals (D:1)
  6 quokkas
  9 ball pythons
  4 bats
  6 frilled lizards
  8 kobolds
  3 rats
156 creatures vanquished.

Notes
Turn   | Place    | Note
-------+----------+-------------------------------------------
     0 | D:1      | Aequonox the Gargoyle Earth Elementalist began the quest
                  | for the Orb.
     0 | D:1      | Reached XP level 1. HP: 10/10 MP: 3/3
   153 | D:1      | Reached skill level 1 in Transmutations
   153 | D:1      | Reached XP level 2. HP: 15/15 MP: 1/5
   642 | D:1      | Reached XP level 3. HP: 19/19 MP: 4/6
   765 | D:1      | Reached skill level 4 in Earth Magic
  1080 | D:2      | Noticed Jessica
  1081 | D:2      | Found a shimmering altar of Xom.
  1083 | D:2      | Killed Jessica
  1084 | D:2      | Reached XP level 4. HP: 24/24 MP: 4/7
  1141 | D:2      | Reached skill level 1 in Armour
  1161 | D:2      | Reached skill level 1 in Fighting
  1920 | D:2      | Reached XP level 5. HP: 29/29 MP: 6/9
  2300 | D:3      | Noticed a sky beast
  2312 | D:3      | Killed a sky beast
  2313 | D:3      | Reached XP level 6. HP: 22/35 MP: 3/10
  2384 | D:3      | Found a shimmering blue altar of Sif Muna.
  2471 | D:3      | Became a worshipper of Sif Muna the Loreminder
  2597 | D:3      | Found a snail-covered altar of Cheibriados.
  2777 | D:3      | Learned a level 2 spell: Passwall
  2843 | D:3      | Got Sif Muna's Incunable of Interference
  2845 | D:3      | Got Sif Muna's Commentary on Air
  2847 | D:3      | Got Sif Muna's Treatise on the Switch
  2984 | D:4      | Found Awojeack's Antique Armour Boutique.
  3070 | D:4      | Noticed Natasha
  3080 | D:4      | Killed Natasha
  3088 | D:4      | Reached skill level 5 in Earth Magic
  3132 | D:4      | Noticed Natasha
  3137 | D:4      | Killed Natasha
  3138 | D:4      | Reached skill level 1 in Staves
  3211 | D:4      | Reached skill level 1 in Conjurations
  3338 | D:4      | Noticed a black bear
  3364 | D:4      | Killed a black bear
  3365 | D:4      | Reached XP level 7. HP: 7/40 MP: 5/12
  3372 | D:4      | Noticed Natasha
  3497 | D:4      | Killed Natasha
  4044 | D:5      | Entered Level 5 of the Dungeon
  4170 | D:5      | Identified the +2 pair of gloves "Mogigy" {Str+4}
  4200 | D:5      | Reached * piety under Sif Muna
  4698 | D:5      | Reached XP level 8. HP: 45/46 MP: 7/13
  5017 | D:6      | Noticed Menkaure
  5020 | D:6      | Killed Menkaure
  5021 | D:6      | Reached skill level 6 in Earth Magic
  5704 | D:6      | Reached skill level 5 in Spellcasting
  5704 | D:6      | Reached skill level 7 in Earth Magic
  5892 | D:6      | Reached skill level 5 in Conjurations
  5892 | D:6      | Reached XP level 9. HP: 51/51 MP: 11/17
  6118 | D:6      | Reached skill level 8 in Earth Magic
  6419 | D:7      | Reached ** piety under Sif Muna
  6488 | D:7      | Found a shadowy altar of Dithmenos.
  6835 | D:7      | Found a sparkling altar of Nemelex Xobeh.
  7218 | D:7      | Found a hide-covered altar of Uskayaw.
  7221 | D:7      | Noticed Joseph
  7397 | D:8      | Learned a level 5 spell: Lee's Rapid Deconstruction
  7563 | D:7      | Shot with a sling bullet by Joseph

Illustrated notes

Levels and vault maps discovered:
D:1:      sevenhm_arrival_forest_fort_small_4, layout_basic
D:2:      layout_basic, basic_altar, minmay_joined_circles, uniq_jessica
D:3:      layout_rooms, mainiacjoe_overflow_alcove_1,
          nicolae_sif_muna_little_library, minivault_5
D:4:      minmay_angry_zag, layout_loops_ring, nicolae_stop_n_shop_2,
          uniq_natasha
D:5:      layout_loops_ring, temple_hall
D:6:      cheibrodos_steamvent, layout_loops_ring, uniq_menkaure
D:7:      layout_loops_corners, mainiacjoe_overflow_catwalk,
          grunt_dithmenos_smoke_and_mirrors, lemuel_tele_altar, uniq_joseph
D:8:      layout_rooms, uniq_pikel

Skill      XL: |  1  2  3  4  5  6  7  8  9 |
---------------+----------------------------+-----
Transmutations | 1 |  1.2
Earth Magic    | 4 5 7 8 |  8.9
Dodging        | 2 3 |  3.2
Armour         | 1 2 3 |  3.1
Fighting       | 1 2 3 |  3.3
Spellcasting   | 3 5 6 |  6.5
Staves         | 1 |  1.8
Conjurations   | 1 2 5 |  5.9
Stealth        | |  2.6

Action                     |  1- 3 |  4- 6 |  7- 9 || total
---------------------------+-------+-------+-------++-------
  Melee: Unarmed           |    25 |    14 |       ||    39
   Cast: Sandblast         |    42 |    96 |   203 ||   341
         Passwall          |       |     2 |       ||     2
    Use: Scroll            |       |       |     5 ||     5
 Armour: Robe              |    14 |    21 |    56 ||    91
         Steam dragon scal |       |       |    21 ||    21
  Dodge: Dodged            |    25 |    27 |    96 ||   148

Table legend: (Time is in decaauts)
 A = Elapsed time spent in this place.
 B = Non-inter-level travel time spent in this place.
 C = Inter-level travel time spent in this place.
 D = Time resting spent in this place.
 E = Time spent auto-exploring this place.
 F = Levels seen in this place.
 G = Mean time per level.
                   A        B        C        D        E       F      G
               +--------+--------+--------+--------+--------+-----+--------+
         Total |   7759 |   7520 |    239 |    175 |   5792 |   8 |  969.9 |
       Dungeon |   7759 |   7520 |    239 |    175 |   5792 |   8 |  969.9 |
               +--------+--------+--------+--------+--------+-----+--------+

Top non-repeatable levels by time:
     D:6: 1364 daAuts
     D:4: 1099 daAuts
     D:7: 1074 daAuts
     D:1: 1071 daAuts
     D:2: 1029 daAuts
     D:5: 968 daAuts
     D:3: 962 daAuts
     D:8: 188 daAuts
